 Dungeon Crawl Stone Soup version 0.29-a0-887-gcbe080d7e0 (webtiles) character file.

Game seed: 11511582192441826135

38 mcwallace the Chiller (level 3, -1/28 HPs)
             Began as a Ghoul Ice Elementalist on July 21, 2022.
             Slain by Grinder (7 damage)
             ... while paralysed by Grinder
             ... on level 3 of the Dungeon.
             The game lasted 00:04:23 (2370 turns).

mcwallace the Chiller (Ghoul Ice Elementalist)      Turns: 2370, Time: 00:04:24

Health: -1/28      AC:  2    Str: 11    XL:     3   Next: 43%
Magic:  5/5        EV:  2    Int: 12    God:
Gold:   166        SH:  0    Dex:  9    Spells: 2/6 levels left

rFire   . . .      SeeInvis .   p - +4 spear {polearm}
rCold   + . .      Faith    .   (no shield)
rNeg    + + +      Spirit   .   a - +0 robe
rPois   ∞          Reflect  .   (no helmet)
rElec   .          Harm     .   (no cloak)
rCorr   .          Rampage  .   (no gloves)
Will    .....                   (no boots)
Stlth   ++........              w - amulet of magic regeneration {@e2}
HPRegen 0.00/turn               (no ring)
MPRegen 0.49/turn               (no ring)

@: paralysed, inhibited regen
A: claws 1, cold resistance 1, negative energy resistance 3, inhibited
regeneration, torment resistance 2, devour on kill
a: no special abilities


You were on level 3 of the Dungeon.
You visited 1 branch of the dungeon, and saw 3 of its levels.

You collected 166 gold pieces.


Innate Abilities, Weirdness & Mutations

You are immune to poison.
You have sharp fingernails.
Your flesh is cold resistant. (rC+)
You are immune to negative energy. (rN+++)
You do not regenerate when monsters are visible.
You are immune to unholy pain and torment.
You thrive by killing the living.


   Skills:
 + Level 1.3 Fighting
 + Level 2.2 Dodging
 - Level 2.1 Stealth
 + Level 2.2 Spellcasting
 + Level 4.7 Ice Magic


You had 2 spell levels left.
You knew the following spells:

 Your Spells              Type           Power      Damage    Failure   Level
a - Freeze                Ice            48%        1d7       3%          1
b - Frozen Ramparts       Ice            24%        1d4       12%         3

Your spell library contained the following spells:

 Spells                   Type           Power      Damage    Failure   Level
 Shock                    Conj/Air       4%         1d3       26%         1
 Ozocubu's Armour         Ice            12%        N/A       12%         3
 Swiftness                Air            1%         N/A       63%         3
 Hailstorm                Conj/Ice       7%         3d4       69%         4
 Airstrike                Air            0%         0-2+      95%         4

Inventory:

Hand Weapons
 c - a +0 dagger {short}
   (You took it off a goblin on level 1 of the Dungeon)
 d - a +0 short sword {short}
   (You took it off a kobold on level 1 of the Dungeon)
 h - a +0 trident {polearm}
   (You found it on level 1 of the Dungeon)
 p - a +4 spear (weapon) {polearm}
   (You found it on level 2 of the Dungeon)
Missiles
 i - 45 stones {throwing}
Armour
 a - a +0 robe (worn)
 g - a +0 leather armour
   (You found it on level 1 of the Dungeon)
 l - a +0 leather armour
   (You found it on level 1 of the Dungeon)
 m - a +0 robe
   (You found it on level 1 of the Dungeon)
 q - a +0 robe
   (You found it on level 2 of the Dungeon)
 r - a +0 leather armour
   (You found it on level 2 of the Dungeon)
 t - a +0 robe
   (You found it on level 2 of the Dungeon)
Jewellery
 w - an amulet of magic regeneration (around neck) {@e2}
   (You found it on level 2 of the Dungeon)
Scrolls
 f - a scroll of teleportation {unknown}
 k - a scroll of fear {unknown}
 n - a scroll of immolation {unknown}
 v - a scroll of magic mapping {unknown}
 x - a scroll of torment {unknown}
 y - a scroll of enchant armour {unknown}
Potions
 b - a potion of magic
 e - a potion of berserk rage {unknown}
 j - 3 potions of curing {unknown}
 o - a potion of heal wounds {unknown}
 s - a potion of haste {unknown}
 u - 2 potions of flight {unknown}

Dungeon Overview and Level Annotations

Branches:
Dungeon (3/15) Zot: 15615

Altars:
Sif Muna

Annotations:
D:2 1 runed translucent door, Crazy Yiuf
D:3 1 runed translucent door, Grinder; Nato's ghost, amateur OpTm

.# #.........# #.###### .#
#.........### #.# .#.
#.........#.. #.# .#
.##.........#$# #.#
.#......5......#.# #.#
###.##.........#.# #.# #
#.##......[..#.# #.#
###.##.........#5# #.####
.##.####.#######@# #....#
.##.# #.#######.# ####.#
.##.####...5.....#####.#.#
.......................#.#
.##.##################.#.#
.............# #.#.#
#.#.########.# #.#.# ....#
#.# #.#.# #...#
#.#########.#.#


You could see Grinder.


Message History

The wall freezes Grinder but does no damage.
Reach: p) +4 spear {polearm}
Press: ? - help, Dir - move target, f/p - Grinder
Aim: Grinder (moderately wounded, about 42% to evade your +4 spear)
You hit Grinder but do no damage.
The frozen ramparts melt away.
Grinder blinks!
Casting: Frozen Ramparts (quite dangerous; 12% risk of failure)
Confirm with . or Enter, or press ? or * to list all spells.
The spell is quite dangerous to miscast (12% risk of failure)!
Continue anyway?
Casting: Frozen Ramparts (quite dangerous; 12% risk of failure)
Press: ? - help, Dir - look around, f - activate You miscast Frozen Ramparts.
You are very lightly contaminated with residual magic.
Nothing appears to happen. 😕 MP[-3]
You lost 3 mp, and now have 2/5 mp.
Casting: Frozen Ramparts (quite dangerous; 12% risk of failure)
Confirm with . or Enter, or press ? or * to list all spells.
You don't have enough magic to cast this spell. 😕 MP[+1]
Casting: Frozen Ramparts (quite dangerous; 12% risk of failure)
Confirm with . or Enter, or press ? or * to list all spells.
The spell is quite dangerous to miscast (12% risk of failure)!
Continue anyway?
Casting: Frozen Ramparts (quite dangerous; 12% risk of failure)
Press: ? - help, Dir - look around, f - activate The walls around you are covered in ice. 😕 MP[-3]
You lost 3 mp, and now have 0/5 mp. 😕 MP[+1] Reach: p) +4 spear {polearm}
Press: ? - help, Dir - move target, f - Grinder
Aim: Grinder (lightly wounded, about 42% to evade your +4 spear)
You reach to attack!
You hit Grinder but do no damage.
Grinder completely resists.
The wall freezes Grinder but does no damage.
Reach: p) +4 spear {polearm}
Press: ? - help, Dir - move target, f/p - Grinder
Aim: Grinder (lightly wounded, about 42% to evade your +4 spear)
You closely miss Grinder.
Grinder completely resists.
The wall freezes Grinder but does no damage.
Grinder barely misses you. 😕 MP[+1] Reach: p) +4 spear {polearm}
Press: ? - help, Dir - move target, f/p - Grinder
Aim: Grinder (lightly wounded, about 42% to evade your +4 spear)
You hit Grinder but do no damage.
Grinder completely resists.
The wall freezes Grinder but does no damage.
Grinder hits you. 😕 HP[-2] MP[+1]
You take 2 damage, and now have 22/28 hp.
Reach: p) +4 spear {polearm}
Press: ? - help, Dir - move target, f/p - Grinder
Aim: Grinder (lightly wounded, about 42% to evade your +4 spear)
You closely miss Grinder.
The frozen ramparts melt away.
Grinder barely misses you.
Reach: p) +4 spear {polearm}
Press: ? - help, Dir - move target, f/p - Grinder
Aim: Grinder (lightly wounded, about 42% to evade your +4 spear)
You barely miss Grinder.
Grinder blinks! 😕 MP[+1] Reach: p) +4 spear {polearm}
Press: ? - help, Dir - move target, f/p - Grinder
Aim: Grinder (lightly wounded, about 42% to evade your +4 spear)
You reach to attack!
You hit Grinder.
Your magical contamination has completely faded away.
Reach: p) +4 spear {polearm}
Press: ? - help, Dir - move target, f/p - Grinder
Aim: Grinder (moderately wounded, about 42% to evade your +4 spear)
You hit Grinder. Grinder hits you but does no damage. Grinder gestures at you.
You resist with significant effort. 😕 MP[+1]
Your mp is fully restored (5).
Reach: p) +4 spear {polearm}
Press: ? - help, Dir - move target, f/p - Grinder
Aim: Grinder (moderately wounded, about 42% to evade your +4 spear)
You hit Grinder but do no damage. Grinder hits you. 😮 HP[-6]
You take 6 damage, and now have 16/28 hp.
MASSIVE DAMAGE!! (PAUSE)
Casting: Frozen Ramparts (quite dangerous; 12% risk of failure)
Confirm with . or Enter, or press ? or * to list all spells.
Aiming: Freeze (safe; 3% risk of failure)
Press: ? - help, Shift-Dir - straight line, f/p - Grinder
Aim: Grinder (moderately wounded)
You freeze Grinder.
Grinder resists.
Grinder barely misses you. 😮 MP[-1]
You lost 1 mp, and now have 4/5 mp.
Casting: Freeze (safe; 3% risk of failure)
Confirm with . or Enter, or press ? or * to list all spells.
Aiming: Freeze (safe; 3% risk of failure)
Press: ? - help, Shift-Dir - straight line, f/p - Grinder
Aim: Grinder (heavily wounded)
You freeze Grinder.
Grinder resists.
Grinder gestures at you.
You suddenly lose the ability to move!
Grinder hits you!
* * * LOW HITPOINT WARNING * * *
Grinder hits you!
You die...

Skill      XL: |  1  2 |
---------------+-------+-----
Dodging        | 2 |  2.2
Spellcasting   | 2 |  2.2
Fighting       | 1 |  1.3
Stealth        | |  2.1
Ice Magic      | |  4.7

Action                   || total
-------------------------++-------
Melee: Unarmed           ||     9
       Short sword       ||     6
       Trident           ||    35
       Dagger            ||     4
       Spear             ||    51
       Punch             ||     1
 Cast: Freeze            ||     9
       Frozen Ramparts   ||     2
 Stab: Sleeping          ||     3
Armor: Robe              ||     8
Dodge: Dodged            ||    50

Levels and vault maps discovered:
D:1:      dpeg_arrival_boxorama, layout_basic
D:2:      layout_rooms, minmay_misc_feat_alley, minmay_tromino_i2,
          uniq_crazy_yiuf_cottage
D:3:      layout_basic, mainiacjoe_overflow_paths, ebering_ghost_sewer_f,
          uniq_grinder

Notes
Turn   | Place    | Note
-------+----------+-------------------------------------------
     0 | D:1      | mcwallace the Ghoul Ice Elementalist began the quest for
                  | the Orb.
     0 | D:1      | Reached XP level 1. HP: 14/14 MP: 2/2
     0 | D:1      | magus.rc [v1.9.6]
   434 | D:1      | Reached XP level 2. HP: 20/22 MP: 3/3
   437 | D:1      | Reached skill level 2 in Dodging
   487 | D:1      | Reached skill level 2 in Spellcasting
   622 | D:1      | Reached skill level 1 in Fighting
  1167 | D:2      | Reached XP level 3. HP: 28/28 MP: 3/5
  1461 | D:2      | Found a runed translucent door.
  1462 | D:2      | Noticed Crazy Yiuf
  1721 | D:2      | Learned a level 3 spell: Frozen Ramparts
  1868 | D:3      | You pick up a book of Air and begin reading...
  1868 | D:3      | You add the spells Shock, Swiftness and Airstrike to your
                  | library.
  2035 | D:3      | Found a runed translucent door.
  2036 | D:3      | Found a shimmering blue altar of Sif Muna.
  2037 | D:3      | Noticed Nato's ghost (amateur OpTm)
  2331 | D:3      | Noticed Grinder
  2368 | D:3      | Paralysed by Grinder for 5 turns
  2369 | D:3      | HP: 6/28 [Grinder (10)]
  2370 | D:3      | Slain by Grinder

Vanquished Creatures
  A dart slug (D:1)
  3 ball pythons
  3 endoplasms
  A giant cockroach (D:3)
  6 goblins
  2 kobolds
  3 quokkas
  3 bats
  A frilled lizard (D:3)
  11 rats
34 creatures vanquished.

Table legend:
 A = Non-vault XP
 B = Vault XP
 C = Vault XP percentage of total XP
 D = Non-vault monster count
 E = Vault monster count
 F = Vault count percentage of total count
                 A         B        C        D         E       F
            +---------+---------+-------+---------+---------+-------
      Total |      51 |       4 |   7.3 |      32 |       2 |   5.9
            +---------+---------+-------+---------+---------+-------
        D:1 |      31 |       0 |   0.0 |      18 |       0 |   0.0
        D:2 |       8 |       4 |  33.3 |       5 |       2 |  28.6
        D:3 |      12 |       0 |   0.0 |       9 |       0 |   0.0
            +---------+---------+-------+---------+---------+-------

Illustrated notes

Table legend:
 A = Kills in this place as a percentage of kills in entire the game.
 B = Kills by you in this place as a percentage of kills by you in the entire game.
 C = Kills by friends in this place as a percentage of kills by friends in the entire game.
 D = Other kills in this place as a percentage of other kills in the entire game.
 E = Experience gained in this place as a percentage of experience gained in the entire game.
 F = Experience gained in this place divided by the number of levels of this place that you have seen.
                   A       B       C       D       E      F
               +-------+-------+-------+-------+-------+----------------------
         Total | 100.0 | 100.0 |   N/A |   N/A | 100.0 |  18.3
       Dungeon | 100.0 | 100.0 |   N/A |   N/A | 100.0 |  18.3
               +-------+-------+-------+-------+-------+----------------------

Table legend: (Time is in decaauts)
 A = Elapsed time spent in this place.
 B = Non-inter-level travel time spent in this place.
 C = Inter-level travel time spent in this place.
 D = Time resting spent in this place.
 E = Time spent auto-exploring this place.
 F = Levels seen in this place.
 G = Mean time per level.
                   A        B        C        D        E       F      G
               +--------+--------+--------+--------+--------+-----+--------+
         Total |   2383 |   2339 |     44 |     76 |   1901 |   3 |  794.3 |
       Dungeon |   2383 |   2339 |     44 |     76 |   1901 |   3 |  794.3 |
               +--------+--------+--------+--------+--------+-----+--------+

Top non-repeatable levels by time:
     D:1: 1171 daAuts
     D:3: 619 daAuts
     D:2: 592 daAuts
